 Dungeon Crawl Stone Soup version 0.19-a0-967-ga3cd88f (webtiles) character file.

23 JInAPerfectWorld the Sneak (level 2, 0/19 HPs)
             Began as a Vampire Enchanter on July 12, 2016.
             Killed from afar by an orc wizard (8 damage)
             ... with a magic dart
             ... on level 3 of the Dungeon.
             The game lasted 00:09:53 (1143 turns).

JInAPerfectWorld the Sneak (Vampire Enchanter)      Turns: 1143, Time: 00:09:54

Health: 0/19       AC:  3    Str:  7    XL:     2   Next: 72%
Magic:  0/5        EV: 12    Int: 17    God:
Gold:   20         SH:  0    Dex: 14    Spells: 2 memorised, 2 levels left

rFire  . . .     SeeInvis +     a - +1 dagger
rCold  . . .     Gourm    .     b - +1 robe
rNeg   . . .     Faith    .     (no shield)
rPois  .         Spirit   .     (no helmet)
rElec  .         Dismiss  .     (no cloak)
rCorr  .         Reflect  .     (no gloves)
SustAt .         Harm     .     (no boots)
MR     .....     Rnd*Tele +     (no amulet)
Stlth  +++.......               (no ring)
                                i - ring of teleportation (curse)

@: very slightly contaminated, regenerating quickly, not resistant to hostile
enchantments, fairly stealthy
A: fangs 3, see invisible, unbreathing
a: no special abilities


You were on level 3 of the Dungeon.
You were very full.

You visited 1 branch of the dungeon, and saw 3 of its levels.

You collected 20 gold pieces.

Inventory:

Hand Weapons
 a - a +1 dagger (weapon)
 f - a +0 short sword
Missiles
 d - 7 steel javelins (quivered)
 e - 14 poisoned needles
 g - 3 stones
Armour
 b - a +1 robe (worn)
Jewellery
 i - a cursed ring of teleportation (left hand)
Potions
 h - a potion of curing {unknown}
 j - a potion of cancellation {unknown}
 k - a potion of invisibility {unknown}
 l - a potion of magic {unknown}
Books
 c - a book of Maledictions

   Spells                             Type                      Level
   a - Corona                         Hexes                        1
   b - Ensorcelled Hibernation        Hexes/Ice                    2
   c - Confuse                        Hexes                        3
   d - Tukima's Dance                 Hexes                        3
   e - Dazzling Spray                 Conjuration/Hexes            3


   Skills:
 - Level 1.1 Short Blades
 - Level 2.1 Dodging
 + Level 5.3 Stealth
 + Level 1.0 Unarmed Combat
 - Level 2.1 Spellcasting
 - Level 4.4 Hexes
 * Level 0.6 Ice Magic


You had 2 spell levels left.
You knew the following spells:

 Your Spells              Type           Power        Failure   Level  Hunger
a - Corona                Hex            ###....      3%          1    #......
b - Ensorcelled Hibernat  Hex/Ice        ##....       12%         2    ###....


Dungeon Overview and Level Annotations

Branches:
Dungeon (3/15)

Altars:


Innate Abilities, Weirdness & Mutations

Your natural rate of healing is unusually fast.
You have razor-sharp teeth.
You have supernaturally acute eyesight. (SInv)
You can survive without breathing.


Message History

Aiming: Ensorcelled Hibernation
Press: ? - help, Shift-Dir - straight line, f/p - orc
Aim: an orc, wielding a club and wearing a chain mail (chance to defeat MR: 79%)
The orc looks drowsy...
The helpless orc fails to defend itself.
You puncture the orc!
You kill the orc!
You hit the orc wizard.
The orc wizard is lightly wounded.
The orc wizard points at you and mumbles some strange words.
The magic dart hits you!
Casting: Ensorcelled Hibernation
Confirm with . or Enter, or press ? or * to list all spells.
Aiming: Corona
Press: ? - help, Shift-Dir - straight line, f - orc wizard
Aim: an orc wizard, wielding a dagger and wearing a robe (lightly wounded, fast, chance to defeat MR: 53%)
The orc wizard struggles to resist.
The orc wizard points at you and mumbles some strange words.
The magic dart hits you!
You die...

..## #..## ##.)#
#.# #.## ##.# #.#
#.# #.# ### #.##
##.# #..## ##..#
#.#.###.#.#
...#.....<...#
.......).########.#
..........o@.......
♣........########.#
♣♣####.#.# ###.#
#.# #.# #.# #.


You could see an orc wizard.

Vanquished Creatures
  An ooze (D:2)
  An orc (D:3)
  2 ball pythons
  A bat (D:1)
  2 giant cockroaches
  A goblin (D:2)
  A hobgoblin (D:3)
  2 kobolds
  A quokka (D:3)
  3 rats
15 creatures vanquished.

Notes
Turn   | Place    | Note
-------+----------+-------------------------------------------
     0 | D:1      | JInAPerfectWorld the Vampire Enchanter began the quest for the Orb.
     0 | D:1      | Reached XP level 1. HP: 13/13 MP: 3/3
   775 | D:1      | Reached skill level 1 in Unarmed Combat
   832 | D:2      | Reached XP level 2. HP: 19/19 MP: 5/5
   847 | D:2      | Learned a level 2 spell: Ensorcelled Hibernation
   943 | D:2      | Reached skill level 5 in Stealth
  1143 | D:3      | Killed from afar by an orc wizard

Vault maps used:
D:1:      ncdulo_smallfort, serial_bayou_lagoon_a
D:2:      tso_oasis_becter, minmay_misc_feat_iff, uniq_sigmund
D:3:      uniq_jessica, uniq_crazy_yiuf_cottage

Skill      XL: |  1  2 |
---------------+-------+-----
Unarmed Combat | 1 |  1.0
Stealth        | 5 |  5.3
Short Blades   | |  1.1
Dodging        | |  2.1
Spellcasting   | |  2.1
Hexes          | |  4.4
Ice Magic      | |  0.6

Action                   || total
-------------------------++-------
Melee: Dagger            ||    44
       Bite              ||     1
Throw: Stone             ||     1
 Cast: Corona            ||     4
       Ensorcelled Hiber ||     1
  Use: Potion            ||     7
 Stab: Sleeping          ||     6
  Eat: Corpse            ||     1
Armor: Robe              ||    16
Dodge: Dodged            ||    27
